 Dungeon Crawl Stone Soup version 0.31.0-12-g77e489cdc1 (webtiles) character file.

Game seed: 812009695534083368

32 spaghetti the Ruffian (level 3, 0/19 HPs)
             Began as a Naga Shapeshifter on Feb 21, 2024.
             Slain by a gnoll
             ... wielding a +0 spear
              (10 damage)
             ... on level 2 of the Dungeon.
             The game lasted 00:01:22 (1026 turns).

spaghetti the Ruffian (Naga Shapeshifter)           Turns: 1026, Time: 00:01:23

Health: 0/19       AC:  1    Str: 18    XL:     3   Next: 27%
Magic:  3/3        EV: 13    Int: 10    God:
Gold:   56         SH:  0    Dex: 10    Spells: 2/2 levels left

rFire   . .          .
                       - Unarmed
rCold   . . .        (shield currently unavailable)
rNeg    . . .        a - melded +0 animal skin
rPois   +            (no helmet)
rElec   .            (no cloak)
rCorr   .            (no gloves)
SInv    +            (no barding)
Will    .....        (no amulet)
Stlth   +            (no ring)
HPRegen 0.23/turn    (no ring)
MPRegen 0.08/turn

%: no passive effects
@: short of breath, flux-form, glowing, very slow
A: glow, contaminating, reduced hp, AC +1, large, see invisible, deformed body,
poison resistance, slowness 2, spit poison 1, naga tail 1
a: Spit Poison, Begin Untransformation


You were on level 2 of the Dungeon.
You were something dangerously unstable.
You visited 1 branch of the dungeon, and saw 2 of its levels.

You collected 56 gold pieces.

Inventory:

Armour
 a - a +0 animal skin (melded)
Talismans
 c - a beast talisman
 d - a flux talisman (active)
Scrolls
 e - a scroll of revelation {unknown}
 f - 4 scrolls of poison {unknown}
 h - a scroll of amnesia {unknown}
 i - a scroll of fear {unknown}
Potions
 b - a potion of lignification


   Skills:
 - Level 1.0 Fighting
 - Level 1.5 Dodging
 * Level 3.9 Unarmed Combat
 + Level 3.3 Shapeshifting


You had 2 spell levels left.
You didn't know any spells.
Your spell library was empty.

Dungeon Overview and Level Annotations

Branches:
Dungeon (2/15)

Altars:


Innate Abilities, Weirdness & Mutations

You are something dangerously unstable.
You glow with magical radiation, making you easy to see and hit.
Foes you strike become dangerously contaminated with magical radiation.
Your maximum health is decreased, since you lack skill for your form.
You are incapable of wielding weapons or throwing items.
Your serpentine skin is tough. (AC +1)
You have supernaturally acute eyesight. (SInv)
Armour fits poorly on your strangely shaped body.
Your system is resistant to poisons. (rPois)
You cover ground very slowly.
You can spit poison.
You have a snake-like lower body.


Message History

You are too injured to fight recklessly!
You are too injured to fight recklessly!
You are too injured to fight recklessly!
You are too injured to fight recklessly!
You are too injured to fight recklessly!
You are too injured to fight recklessly!
You are too injured to fight recklessly!
You are too injured to fight recklessly!
You are too injured to fight recklessly!
You are too injured to fight recklessly!
You are too injured to fight recklessly!
You are too injured to fight recklessly!
You are too injured to fight recklessly!
You are too injured to fight recklessly!
Unknown command.
The goblin attacks as it pursues you! The goblin hits you but does no damage.
It was a potion of heal wounds.
You feel much better. The goblin hits you with a +0 dagger.
The gnoll hits you from afar with a +0 spear.
It was a potion of curing.
You feel better. The goblin hits you with a +0 dagger.
The gnoll completely misses you.
You closely miss the goblin. The goblin hits you but does no damage.
The gnoll hits you from afar with a +0 spear!
You are too injured to fight recklessly!
You are too injured to fight recklessly!
You are too injured to fight recklessly!
You are too injured to fight recklessly!
You are too injured to fight recklessly!
You are too injured to fight recklessly!
You are too injured to fight recklessly!
You are too injured to fight recklessly!
You are too injured to fight recklessly!
Aiming: Spit Poison (2% risk of failure)
Press: ? - help, Shift-Dir - straight line, f - gnoll
Aim: a gnoll, wielding a +0 spear (65% to hit)
The splash of poison hits the goblin.
The goblin is poisoned.
You kill the goblin!
The gnoll hits you from afar with a +0 spear!
Ouch! That really hurt!
You die...

# ###########
#.###.........#
#.†)p.........#
#.g##.........#
#†.#
###......##
....
##........##
#..##
#..........# ##
#.......†..#
#..........#
#......(...#
#..........#


You could see a gnoll.

Vanquished Creatures
  A dart slug (D:1)
  A ribbon worm (D:2)
  2 endoplasms
  A giant cockroach (D:1)
  4 goblins
  7 hobgoblins
  A kobold (D:1)
  2 ball pythons (D:1)
  3 bats
  4 frilled lizards
  2 rats
28 creatures vanquished.

Notes
Turn   | Place    | Note
-------+----------+-------------------------------------------
     0 | D:1      | spaghetti the Naga Shapeshifter began the quest for the
                  | Orb.
     0 | D:1      | Reached XP level 1. HP: 18/18 MP: 1/1
   163 | D:1      | Reached XP level 2. HP: 25/25 MP: 2/2
   781 | D:1      | Reached XP level 3. HP: 17/31 MP: 3/3
  1026 | D:2      | Slain by a gnoll

Illustrated notes

Levels and vault maps discovered:
D:1:      lightli_arrival_quake, layout_basic, corexii_leaking_fountain
D:2:      layout_rooms, hellmonk_ecumenical_altar_zigzags,
          minmay_misc_feat_nine_boxes, minmay_close_crescents, uniq_terence,
          uniq_natasha

Action                     || total
---------------------------++-------
  Melee: Unarmed           ||    53
Ability: Spit Poison       ||    23
    Use: Potion            ||     4
         Scroll            ||     1
 Armour: Animal skin       ||    14
         Skin              ||    22
  Dodge: Dodged            ||    26
   Form: Flux              ||     1
